 Dungeon Crawl Stone Soup version 0.21-a0-264-g3e31e41 (webtiles) character file.

146 Jeffwins the Ruffian (level 5, 0/40 HPs)
             Began as a Draconian Transmuter on Sept 8, 2017.
             Killed from afar by Blomdor's ghost (7 damage)
             ... with a magic dart
             ... on level 3 of the Dungeon.
             The game lasted 00:05:11 (2867 turns).

Jeffwins the Ruffian (Draconian Transmuter)         Turns: 2867, Time: 00:05:11

Health: 0/40       AC:  6    Str: 12    XL:     5   Next: 7%
Magic:  8/8        EV: 12    Int: 15    God:
Gold:   120        SH:  0    Dex:  9    Spells: 7/8 levels left

rFire    . . .     SeeInvis .     - Unarmed
rCold    . . .     Gourm    .   (no shield)
rNeg     . . .     Faith    .   (armour unavailable)
rPois    .         Spirit   .   (helmet restricted)
rElec    .         Reflect  .   (no cloak)
rCorr    .         Harm     .   g - +0 pair of gloves
MR       .....                  (boots currently unavailable)
Stlth    +.........             (no amulet)
HPRegen  0.13/turn              i - -2 ring of dexterity
MPRegen  0.11/turn              (no ring)

@: lethally poisoned (0 -> -2), appendage (expiring), drained
A: unfitting armour, talons 3, cold-blooded, AC +5
a: End Transformation


You were on level 3 of the Dungeon.
You were hungry.
You had grown temporary talons.
You visited 1 branch of the dungeon, and saw 4 of its levels.

You collected 120 gold pieces.

Inventory:

Missiles
 a - 60 arrows
Armour
 g - a +0 pair of gloves (worn)
Jewellery
 i - a -2 ring of dexterity (left hand)
Wands
 e - a wand of polymorph (6/24)
Books
 b - a book of Changes

   Spells                             Type                      Level
   a - Beastly Appendage              Transmutation                1
   b - Sticks to Snakes               Transmutation                2
   c - Spider Form                    Transmutation/Poison         3
   d - Ice Form                       Ice/Transmutation            4
   e - Blade Hands                    Transmutation                5
Comestibles
 c - 3 bread rations
 f - 2 fruits
 j - a royal jelly


   Skills:
 - Level 1.1(0.5) Fighting
 + Level 2.7(2.1) Dodging
 * Level 4.8(4.2) Unarmed Combat
 - Level 2.0(1.4) Spellcasting
 + Level 2.8(2.2) Transmutations


You had 7 spell levels left.
You knew the following spells:

 Your Spells              Type           Power        Failure   Level  Hunger
a - Beastly Appendage     Tmut           #.....       10%         1    ##.....


Dungeon Overview and Level Annotations

Branches:
Dungeon (4/15)
 Temple: D:4-7

Altars:

Annotations:
D:3 Blomdor's ghost, amateur BaWz; Sigmund


Innate Abilities, Weirdness & Mutations

Your plain brown scales are hard. (AC +5)
You cannot fit into any form of body armour.
You are cold-blooded and may be slowed by cold attacks.
You have claws for feet.


Message History

The adder is almost dead.
The adder barely misses you.
Unknown command.
You hit the adder.
You kill the adder!
You feel sick.
Sigmund appears from thin air!
Reactivating autopickup.
Sigmund gestures wildly while chanting.
Sigmund flickers and vanishes!
Deactivating autopickup; reactivate with Ctrl-A.
You feel sick.
Blomdor's ghost says very slowly, "There's no hope."
Blomdor's ghost gestures at you while chanting.
The magic dart hits you!
* * * LOW HITPOINT WARNING * * *
Your transformation is almost over.
You feel sick.
Blomdor's ghost points at you and mumbles some strange words.
The magic dart hits you!
You die...

#####.#.# #.######..#
†...#.#.# #.# #..#
###.#.#W# #.# #..#
###.#.#<# #W# #..#
......#.# #.# #..#
###O###.###{######.)#
#.#.........(..#..#
###÷#....†.....#.#..#####
.....<.........#@.......#
...............#........#
........>......#........#
........########....$...#
........# #.WK.....#
........# #####.#'######
############..(..#g########
#.......≈≈..K≈.....#
#.....≈≈.≈≈≈≈≈.K≈≈.#


You could see Blomdor's ghost, a hobgoblin and 2 kobolds.

Vanquished Creatures
  3 gnolls (D:2)
  4 adders
  An ooze (D:3)
  A worm (D:2)
  2 leopard geckos
  An orc (D:3)
  8 bats
  3 giant cockroaches (D:2)
  10 goblins
  8 hobgoblins
  8 jackals
  A quokka (D:2)
  A ball python (D:3)
  5 frilled lizards
  5 kobolds
  6 rats
67 creatures vanquished.

Notes
Turn   | Place    | Note
-------+----------+-------------------------------------------
     0 | D:1      | Jeffwins the Draconian Transmuter began the quest for the Orb.
     0 | D:1      | Reached XP level 1. HP: 16/16 MP: 3/3
   344 | D:1      | Reached XP level 2. HP: 20/23 MP: 5/5
  1048 | D:1      | Reached XP level 3. HP: 28/28 MP: 4/6
  1200 | D:2      | Reached skill level 4 in Unarmed Combat
  1585 | D:2      | Reached XP level 4. HP: 13/35 MP: 7/7
  2614 | D:3      | Noticed Blomdor's ghost (amateur BaWz)
  2665 | D:3      | Noticed an ogre
  2777 | D:3      | Noticed Sigmund
  2791 | D:3      | Reached XP level 5. HP: 25/40 MP: 8/8
  2812 | D:3      | Found a faded altar of an unknown god.
  2867 | D:3      | Killed from afar by Blomdor's ghost

Vault maps used:
D:1:      saegor_arrival_miasma, minmay_close_crescents
D:3:      first_bread, chequers_ecumenical_altar_island, corexii_corridor_pit,
          minmay_cut_off, uniq_sigmund
D:4:      gup_ossuary_entry_pyramid, uniq_robin

Skill      XL: |  1  2  3 |
---------------+----------+-----
Dodging        | 2 |  2.7
Unarmed Combat | 4 |  4.8
Fighting       | |  1.1
Spellcasting   | |  2.0
Transmutations | |  2.8

Action                   |  1- 3 |  4- 6 || total
-------------------------+-------+-------++-------
Melee: Unarmed           |   156 |   109 ||   265
       Tailslap          |    16 |     8 ||    24
       Headbutt          |     4 |       ||     4
       Punch             |     2 |     1 ||     3
       Kick              |     2 |       ||     2
 Cast: Beastly Appendage |     5 |     3 ||     8
Evoke: Wand              |       |     1 ||     1
  Use: Potion            |     2 |     2 ||     4
       Scroll            |       |     3 ||     3
 Stab: Sleeping          |     1 |       ||     1
  Eat: Chunk             |     2 |     4 ||     6
Armor: Skin              |    44 |    52 ||    96
Dodge: Dodged            |   113 |    87 ||   200

Table legend:
 A = Spawn XP
 B = Non-spawn XP
 C = Spawn XP percentage of total XP
 D = Spawn monster count
 E = Non-spawn monster count
 F = Spawn count percentage of total count
 G = Total turns spent on level
                    A         B        C        D         E        F      G
               +---------+---------+-------+---------+---------+-------+---------
         Total |       0 |     209 |   0.0 |       0 |      67 |   0.0 |  2867
               +---------+---------+-------+---------+---------+-------+---------
           D:1 |       0 |      44 |   0.0 |       0 |      19 |   0.0 |  1046
           D:2 |       0 |     134 |   0.0 |       0 |      39 |   0.0 |  1636
           D:3 |       0 |      31 |   0.0 |       0 |       9 |   0.0 |   183
               +---------+---------+-------+---------+---------+-------+---------
